Map: Acropolis LE

Players

Mez - Winner!

  • Race: Terran Terran
  • League: Diamond
  • Spawn Location: 5:00

Dynamic

  • Race: Zerg Zerg
  • League: Diamond
  • Spawn Location: 11:00

VOD

Have the link to the VOD?

Description

Time

  • Played on: July 27, 2019, 11:15 p.m.
  • Length: 9:11
Show
View Real Time Build Order
Export as new Build Order

Mez Terran - Winner!

Build Orders: Reaper Expand 

Get SALT Encoding   

  12  0:01  SCV  
  13  0:13  SCV  
  14  0:17  Supply Depot  
  14  0:25  SCV  
  15  0:39  SCV  
  15  0:41  Barracks  
  16  0:45  Refinery  
  16  0:51  SCV  
  17  1:03  SCV  
  18  1:15  SCV  
  19  1:29  Reaper, Orbital Command  
  20  1:39  Command Center  
  20  1:50  Barracks  
  20  1:55  SCV  
  21  2:01  Barracks Reactor  
  21  2:09  SCV  
  21  2:14  Barracks  
  22  2:19  Supply Depot  
  22  2:22  SCV  
  23  2:43  Marine x2, Barracks Tech Lab  
  25  2:44  Engineering Bay  
  25  2:47  SCV  
  26  2:56  Orbital Command  
  26  3:02  Combat Shield  
  26  3:03  Marine x4  
  30  3:06  SCV  
  30  3:12  Terran Infantry Weapons Level 1  
  31  3:18  SCV  
  32  3:22  Marine  
  32  3:25  Marine  
  32  3:26  Marine x2  
  35  3:28  SCV  
  35  3:30  SCV  
  37  3:37  Supply Depot  
  37  3:46  Marine x3  
  37  3:47  Marine  
  42  3:48  SCV x2  
  43  4:00  SCV x2  
  43  4:02  Supply Depot  
  45  4:05  Marine  
  45  4:06  Marine x2, Supply Depot  
  45  4:07  Marine  
  49  4:12  SCV x2  
  51  4:28  SCV x2  
  51  4:31  Supply Depot  
  52  4:35  Stimpack, Barracks Reactor, Command Center  
  52  4:36  Marine  
  52  4:37  Marine x2  
  55  4:45  Factory  
  55  4:47  Refinery  
  55  4:49  SCV  
  55  4:51  Refinery  
  56  4:53  SCV  
  56  4:55  Marine x2  
  59  5:01  SCV  
  59  5:05  SCV  
  61  5:13  SCV  
  62  5:17  SCV  
  63  5:25  SCV  
  63  5:27  Marine x4  
  63  5:28  Marine  
  65  5:30  Starport  
  65  5:34  SCV  
  65  5:35  Factory Reactor  
  57  5:38  SCV  
  57  5:39  Supply Depot  
  57  5:45  Marine x2  
  57  5:48  Terran Infantry Armor Level 1  
  57  5:49  Orbital Command  
  59  5:50  SCV x2, Barracks x2  
  61  6:02  SCV  
  61  6:03  SCV  
  63  6:06  Marine x5  
  67  6:22  SCV x3  
  67  6:23  Marine  
  67  6:24  Marine x3  
  75  6:26  Medivac  
  75  6:27  Medivac  
  79  6:34  SCV x2, Supply Depot  
  79  6:35  Engineering Bay  
  79  6:36  SCV  
  79  6:37  Armory  
  84  6:40  Barracks Reactor x2  
  84  6:41  Marine x2  
  84  6:42  Supply Depot  
  84  6:46  SCV x2  
  85  6:48  SCV  
  85  6:52  Marine x2  
  88  6:54  Refinery  
  88  6:58  Barracks, Medivac x2  
  88  7:00  Barracks x2  
  92  7:04  Marine x2  
  92  7:05  Marine  
  95  7:10  SCV x3, Marine  
  99  7:16  Supply Depot  
  99  7:17  Supply Depot  
  99  7:18  Marine x5  
  99  7:22  Marine x2, Supply Depot  
  100  7:33  SCV x3  
  101  7:40  Marine x8  
  101  7:41  Marine  
  110  7:45  SCV, Marine  
  112  7:58  Marine x3  
  115  8:06  Marine  
  115  8:07  Marine x5  
  121  8:15  Medivac  
  121  8:16  Medivac  
  121  8:18  SCV x3  
  128  8:21  Command Center  
  128  8:28  Barracks Reactor, Marine, Barracks Tech Lab x2  
  128  8:29  Marine x8  
  130  8:38  SCV x2  
  130  8:39  SCV  
  121  8:43  Supply Depot  
  121  8:45  Supply Depot  
  121  8:46  Marine  
  121  8:47  Marine x4  
Show
View Real Time Build Order
Export as new Build Order

Dynamic Zerg 

Build Orders: Hatch First 

Get SALT Encoding   

  12  0:00  Drone  
  13  0:12  Overlord  
  13  0:16  Drone  
  14  0:30  Drone x2  
  14  0:35  Drone  
  17  0:46  Drone  
  18  0:56  Hatchery  
  17  1:05  Drone  
  17  1:06  Drone  
  19  1:16  Spawning Pool  
  19  1:17  Drone  
  20  1:32  Drone  
  20  1:39  Drone  
  21  1:50  Hatchery, Extractor  
  19  1:56  Drone  
  19  2:00  Drone  
  21  2:07  Queen  
  21  2:08  Overlord  
  23  2:14  Queen  
  25  2:18  Zergling x2  
  25  2:21  Zergling x2  
  27  2:24  Drone  
  28  2:31  Zergling x2  
  28  2:32  Drone  
  30  2:40  Drone  
  30  2:43  Drone  
  31  2:51  Drone  
  31  2:58  Drone  
  33  3:01  Drone  
  33  3:04  Metabolic Boost  
  33  3:05  Overlord  
  34  3:13  Drone  
  34  3:15  Evolution Chamber, Drone  
  34  3:16  Drone  
  34  3:18  Drone x2  
  38  3:22  Spore Crawler  
  38  3:23  Drone x2  
  38  3:24  Drone  
  40  3:30  Overlord  
  40  3:33  Drone  
  41  3:43  Drone x2  
  41  3:51  Overlord x2  
  41  3:57  Drone  
  41  3:59  Extractor  
  41  4:00  Drone x2, Zerg Ground Armor Level 1  
  41  4:01  Drone x2, Extractor  
  44  4:12  Overlord  
  44  4:13  Drone  
  45  4:20  Drone  
  45  4:21  Overlord  
  46  4:26  Overlord  
  46  4:27  Overlord  
  46  4:28  Drone  
  47  4:32  Overlord  
  47  4:33  Drone x4  
  47  4:37  Drone x3  
  47  4:38  Queen  
  54  4:42  Lair  
  54  4:44  Drone  
  54  4:45  Drone  
  58  4:49  Drone  
  58  4:51  Evolution Chamber  
  58  4:54  Zergling x4  
  58  4:58  Overlord  
  60  5:02  Baneling Nest  
  60  5:03  Zergling x2  
  60  5:04  Zergling x4  
  60  5:06  Zergling x2  
  58  5:09  Zergling x4  
  60  5:16  Zergling x2  
  60  5:19  Zergling x2  
  60  5:20  Zergling x2  
  63  5:26  Zergling x2  
  63  5:27  Zergling x2  
  63  5:28  Zergling x4  
  54  5:30  Zergling x2  
  54  5:31  Zergling x2, Drone x2  
  49  5:38  Drone  
  49  5:42  Drone x2  
  52  5:50  Drone  
  52  5:52  Drone x2  
  55  5:59  Drone x3  
  55  6:01  Zerg Melee Weapons Level 1  
  58  6:04  Zerg Ground Armor Level 2  
  58  6:10  Drone  
  58  6:11  Drone x2  
  54  6:14  Drone x2  
  54  6:15  Drone  
  54  6:16  Drone  
  57  6:19  Drone x2  
  57  6:22  Drone  
  60  6:26  Drone x2  
  60  6:27  Drone x2  
  60  6:29  Drone  
  60  6:32  Drone  
  66  6:37  Baneling x5  
  66  6:38  Baneling x2  
  66  6:39  Drone x2  
  68  6:51  Drone x5, Extractor  
  72  6:55  Overlord x2, Extractor  
  72  6:56  Overlord x2, Extractor  
  72  7:01  Drone x2  
  72  7:02  Infestation Pit  
  71  7:12  Centrifical Hooks  
  71  7:17  Drone x7  
  75  7:42  Zergling x10  
  75  7:43  Zergling x4  
  82  7:44  Zergling x4  
  82  7:45  Zergling x4  
  82  7:48  Zergling x2  
  86  7:52  Zergling x2  
  86  7:54  Zergling x2  
  86  7:55  Zergling x6  
  90  7:58  Zergling x2  
  90  8:01  Baneling x2  
  90  8:03  Spine Crawler x2  
  81  8:05  Zergling x2  
  81  8:06  Zergling x2  
  81  8:08  Zergling x2  
  81  8:11  Zergling x4  
  81  8:12  Zergling x2  
  76  8:13  Baneling x3  
  76  8:16  Drone  
  74  8:20  Drone x2  
  74  8:26  Drone x3  
  68  8:27  Zergling x2  
  68  8:33  Zergling x2  
  68  8:34  Zergling x2  
  65  8:37  Zergling x2  
  65  8:41  Zergling x2  
  62  8:45  Zergling x2  
  62  8:46  Baneling  
  62  8:50  Zergling x4  
  62  8:51  Zergling x2  
  62  8:53  Zergling x2  
Tags
 
Add a new tag
Caveats
  • Supply blocks, unpowered buildings, or Contaminate may cause inaccurate times.
  • Supply counts are checked every 10 seconds.